[Event "January 2 Early 2024"]
[Site "https://www.chess.com"]
[Date "2024.01.02"]
[Round "9"]
[White "Drygalov, Sergey"]
[Black "Durarbayli, Vasif"]
[Result "1-0"]
[Board "20"]
[TimeControl "180+1"]
[WhiteFideId "24171743"]
[BlackFideId "13402935"]
[WhiteElo "2952"]
[BlackElo "2853"]
[WhiteTeam "RUS"]
[BlackTeam "AZE"]
[WhiteClock "0:01:29"]
[BlackClock "0:00:47"]

1. d4 Nf6 2. c4 g6 3. Nc3 d5 4. cxd5 Nxd5 5. e4 Nxc3 6. bxc3 Bg7 7. Nf3 c5 8. Be3 Qa5 9. Qd2 O-O 10. Rc1 cxd4 11. cxd4 Nc6 12. Qxa5 Nxa5 13. Bb5 f5 14. e5 Be6 15. O-O Rfc8 16. Ng5 Bxa2 17. Ra1 Rc2 18. Bd3 Rac8 19. Bxc2 Rxc2 20. Rfc1 Rxc1+ 21. Bxc1 Nb3 22. Rxa2 Nxc1 23. Rc2 Bh6 24. Rc8+ Kg7 25. Ne6+ Kf7 26. Nd8+ Ke8 27. e6 Kf8 28. Nf7+ Kg7 29. Nxh6 Ne2+ 30. Kf1 Nxd4 31. Nf7 Nxe6 32. Ne5 a6 33. Nd7 Kf7 34. Nc5 1-0

[Event "January 2 Early 2024"]
[Site "https://www.chess.com"]
[Date "2024.01.02"]
[Round "9"]
[White "Zou, Chen"]
[Black "Santos Latasa, Jaime"]
[Result "1-0"]
[Board "21"]
[TimeControl "180+1"]
[WhiteFideId "8610959"]
[BlackFideId "2293307"]
[WhiteElo "2781"]
[BlackElo "2946"]
[WhiteTeam "CHN"]
[BlackTeam "ESP"]
[WhiteClock "0:00:07"]
[BlackClock "0:01:02"]

1. e4 c5 2. Nf3 Nc6 3. d4 cxd4 4. Nxd4 Nf6 5. Nc3 h5 6. Be2 g6 7. h3 Bg7 8. Be3 d5 9. exd5 Nxd5 10. Nxd5 Qxd5 11. Nxc6 Qxc6 12. c3 Bf5 13. O-O Be4 14. Bf3 Bxf3 15. Qxf3 Qxf3 16. gxf3 Kd7 17. Rfd1+ Kc7 18. Rd3 Rhd8 19. Rad1 Rxd3 20. Rxd3 a6 21. Kf1 b5 22. Ke2 Be5 23. Bc5 e6 24. Be3 Kc6 25. Bg5 Bc7 26. Bf6 a5 27. Bg5 e5 28. Be3 Re8 29. Rd1 a4 30. Rd2 f6 31. Rd1 g5 32. Rc1 e4 33. fxe4 Rxe4 34. Kf3 Rh4 35. Kg2 Rc4 36. b3 Re4 37. Kf3 Rh4 38. Kg2 g4 39. hxg4 hxg4 40. c4 b4 41. bxa4 Rh2+ 42. Kg1 g3 43. Rb1 f5 44. Rxb4 f4 45. fxg3 fxg3 46. Rb5 Re2 47. Rc5+ Kd7 48. Rxc7+ Kxc7 49. Bf4+ Kc6 50. Bxg3 Rxa2 51. Bf2 Rxa4 52. c5 Kd5 53. Kg2 Ra3 54. Kf1 Ke4 55. Bh4 Ra7 56. Ke1 Rh7 57. Bg3 Ke3 58. Kd1 Kd3 59. Kc1 Rh5 60. Bd6 Rh2 61. Bxh2 1-0

[Event "January 2 Early 2024"]
[Site "https://www.chess.com"]
[Date "2024.01.02"]
[Round "9"]
[White "Bryakin, Mikhail"]
[Black "Bluebaum, Matthias"]
[Result "1-0"]
[Board "22"]
[TimeControl "180+1"]
[WhiteFideId "4165314"]
[BlackFideId "24651516"]
[WhiteElo "2852"]
[BlackElo "2996"]
[WhiteTeam "SRB"]
[BlackTeam "GER"]
[WhiteClock "0:00:06"]
[BlackClock "0:00:44"]

1. c4 e6 2. Nf3 d5 3. g3 Nf6 4. d4 Nc6 5. Bg2 Bd6 6. O-O O-O 7. b3 dxc4 8. bxc4 e5 9. d5 Na5 10. Nfd2 c6 11. Nc3 cxd5 12. cxd5 Bd7 13. Bb2 Re8 14. Nde4 Nxe4 15. Nxe4 Bf8 16. Rc1 b5 17. Nd2 Rc8 18. e3 f6 19. Qe2 Qb6 20. h4 b4 21. Rxc8 Rxc8 22. Rc1 Rxc1+ 23. Bxc1 Qc5 24. Qd1 f5 25. Bb2 e4 26. Nb3 Nxb3 27. axb3 a5 28. Bf1 Bd6 29. Bd4 Qc8 30. Qa1 Bf8 31. Qxa5 f4 32. exf4 Qc1 33. Qa6 Qd1 34. Qc4 Bd6 35. Be5 Bf8 36. d6+ Kh8 37. Qf7 Qxd6 38. Bxd6 Bxd6 39. Qxd7 Bf8 40. Qe8 Kg8 41. Bc4+ Kh8 42. Qxf8# 1-0

[Event "January 2 Early 2024"]
[Site "https://www.chess.com"]
[Date "2024.01.02"]
[Round "9"]
[White "Zemlyanskii, Ivan"]
[Black "Vakhlamov, Igor L."]
[Result "1-0"]
[Board "23"]
[TimeControl "180+1"]
[WhiteFideId "24249971"]
[BlackFideId "24126748"]
[WhiteElo "2995"]
[BlackElo "2804"]
[WhiteTeam "RUS"]
[BlackTeam "RUS"]
[WhiteClock "0:00:27"]
[BlackClock "0:00:00"]

1. d4 d5 2. c4 e6 3. Nf3 Nf6 4. Qc2 Be7 5. cxd5 exd5 6. Bf4 c6 7. e3 O-O 8. Nc3 Nbd7 9. Bd3 Re8 10. h3 Nf8 11. O-O Ng6 12. Bh2 Bd6 13. Bxd6 Qxd6 14. Rab1 a5 15. a3 b5 16. Rfc1 Bd7 17. Ne2 Ne4 18. Nd2 f5 19. Nf3 Qf6 20. Nf4 Rec8 21. Nxg6 Qxg6 22. Ne5 Qe6 23. Bxe4 fxe4 24. Qc5 Be8 25. Rc2 Rc7 26. Qb6 Qd6 27. Rbc1 Kf8 28. Rc5 a4 29. Rxb5 Raa7 30. Rb4 Kg8 31. Qb8 Re7 32. Qxd6 1-0

[Event "January 2 Early 2024"]
[Site "https://www.chess.com"]
[Date "2024.01.02"]
[Round "9"]
[White "Salem, A.R. Saleh"]
[Black "Holt, Conrad"]
[Result "1-0"]
[Board "24"]
[TimeControl "180+1"]
[WhiteFideId "9301348"]
[BlackFideId "2034387"]
[WhiteElo "2974"]
[BlackElo "2799"]
[WhiteTeam "UAE"]
[BlackTeam "USA"]
[WhiteClock "0:01:54"]
[BlackClock "0:00:03"]

1. d4 d5 2. c4 c6 3. Nf3 Nf6 4. Nc3 dxc4 5. e4 b5 6. Be2 e6 7. O-O Be7 8. a4 b4 9. e5 Nd5 10. Ne4 Ba6 11. Bg5 O-O 12. Bxe7 Qxe7 13. Nc5 Rd8 14. Re1 Nf4 15. Bf1 Nd3 16. Bxd3 cxd3 17. Rc1 Bc8 18. Qxd3 Nd7 19. Ne4 a5 20. Nd6 Ba6 21. Qe4 Nb8 22. h4 f5 23. Qf4 Ra7 24. Rc5 Bc8 25. h5 Bd7 26. h6 g6 27. Rec1 Be8 28. Ng5 Nd7 29. Rxc6 Nf8 30. Nc8 Rxc8 31. Rxc8 Bxa4 32. d5 exd5 33. e6 Be8 34. R1c7 Rxc7 35. Qxc7 Qxc7 36. Rxc7 a4 37. Rg7+ Kh8 38. Nf7+ Bxf7 39. exf7 1-0

[Event "January 2 Early 2024"]
[Site "https://www.chess.com"]
[Date "2024.01.02"]
[Round "9"]
[White "Krzyzanowski, Marcin"]
[Black "NevorLegov"]
[Result "0-1"]
[Board "25"]
[TimeControl "180+1"]
[WhiteFideId "1132199"]
[WhiteElo "2784"]
[BlackElo "2928"]
[WhiteTeam "POL"]
[WhiteClock "0:00:06"]
[BlackClock "0:00:27"]

1. e4 e5 2. Nf3 Nc6 3. Bc4 Nf6 4. d3 Bc5 5. c3 d6 6. O-O h6 7. Re1 O-O 8. h3 Bb6 9. Bb3 Re8 10. Nbd2 Be6 11. Ba4 Bd7 12. Nf1 Ne7 13. Ng3 Bxa4 14. Qxa4 Ng6 15. Nf5 d5 16. b4 dxe4 17. dxe4 Qd3 18. Be3 Qxe4 19. Nxg7 Kxg7 20. Bxh6+ Kxh6 21. Rxe4 Nxe4 22. c4 Bxf2+ 23. Kf1 Bd4 24. Nxd4 exd4 25. Qd1 Rad8 26. h4 d3 27. Qg4 f5 28. Qh3 d2 29. Rd1 f4 30. h5 Ng3+ 31. Kg1 Re1+ 32. Kh2 Nf1+ 33. Kg1 Ne3+ 34. Kh2 Nf1+ 35. Kg1 Ng3+ 36. Kf2 Ne4+ 37. Kf3 Ng5+ 38. Kg4 Nxh3 0-1

[Event "January 2 Early 2024"]
[Site "https://www.chess.com"]
[Date "2024.01.02"]
[Round "9"]
[White "Tari, Aryan"]
[Black "Novozhilov, Semen"]
[Result "1-0"]
[Board "26"]
[TimeControl "180+1"]
[WhiteFideId "1510045"]
[BlackFideId "24289167"]
[WhiteElo "2920"]
[BlackElo "2766"]
[WhiteTeam "NOR"]
[BlackTeam "RUS"]
[WhiteClock "0:00:40"]
[BlackClock "0:01:27"]

1. e4 c5 2. Nf3 Nc6 3. Bc4 e6 4. O-O d5 5. Bb5 Nf6 6. e5 Nd7 7. Re1 Qc7 8. d3 Be7 9. Bf4 O-O 10. Nc3 a6 11. Bxc6 bxc6 12. Na4 Rb8 13. c4 d4 14. b3 Bd8 15. Bg3 Qa5 16. Nd2 Rb7 17. Ne4 Bc7 18. h4 f5 19. exf6 Bxg3 20. f7+ Rxf7 21. fxg3 Qc7 22. Rf1 Rf5 23. g4 Rxf1+ 24. Qxf1 Qe5 25. Re1 Ra7 26. Nexc5 Qg3 27. Qf2 Qxg4 28. Nxe6 Nf6 29. Nxd4 Rf7 30. Nxc6 Bb7 31. Ne5 1-0

[Event "January 2 Early 2024"]
[Site "https://www.chess.com"]
[Date "2024.01.02"]
[Round "9"]
[White "Zhigalko, Sergei"]
[Black "Garcia Ramos, Daniel"]
[Result "1-0"]
[Board "27"]
[TimeControl "180+1"]
[WhiteFideId "13502956"]
[BlackFideId "32010311"]
[WhiteElo "2907"]
[BlackElo "2763"]
[WhiteTeam "BLR"]
[BlackTeam "ESP"]
[WhiteClock "0:00:05"]
[BlackClock "0:00:01"]

1. e4 c6 2. d4 d5 3. e5 Bf5 4. Nf3 e6 5. Be2 Nd7 6. O-O h6 7. Nbd2 a6 8. a4 Qc7 9. a5 g5 10. c4 Ne7 11. c5 Ng6 12. Nb3 g4 13. Ne1 h5 14. Bd3 Nh4 15. Bg5 Bxd3 16. Nxd3 Nf5 17. Qd2 Rg8 18. Rae1 h4 19. Kh1 Be7 20. Bxe7 Kxe7 21. Nf4 Rh8 22. Na1 Rag8 23. Nc2 Kd8 24. Ne3 Ne7 25. b4 Kc8 26. Qe2 Qd8 27. Qd1 Qf8 28. Nxg4 Nf5 29. h3 Qg7 30. Qd3 Qg5 31. Ne2 f6 32. exf6 Nxf6 33. f3 Rg7 34. Kg1 Rhg8 35. Rf2 Nh5 36. Rd1 Qd8 37. Qd2 Qc7 38. Re1 Rg6 39. Nc1 Nf4 40. Re5 Nh5 41. Nd3 Nfg3 42. Nf4 Nxf4 43. Qxf4 Rg5 44. Qf6 Rxe5 45. Nxe5 Re8 46. Qxh4 Nf5 47. Qf4 Qg7 48. g4 Rg8 49. Kh2 Nh4 50. Qg3 Rh8 51. f4 Qh7 52. Re2 Qb1 53. Nf3 Qd1 54. Rf2 Qd3 55. Nxh4 Qxd4 56. Nf3 Qe4 57. Ne5 d4 58. Qf3 Qb1 59. Nd3 Qb3 60. Re2 Rd8 61. Qe4 Qc3 62. Qxe6+ Kb8 63. Qe4 Ka7 64. Qf3 Rd5 65. f5 Qc4 66. f6 Rd7 67. Rf2 Qf7 68. Ne5 1-0

[Event "January 2 Early 2024"]
[Site "https://www.chess.com"]
[Date "2024.01.02"]
[Round "9"]
[White "Galchenko, Matvey"]
[Black "Oganian, Miran"]
[Result "1/2-1/2"]
[Board "28"]
[TimeControl "180+1"]
[WhiteFideId "24175480"]
[BlackFideId "4122488"]
[WhiteElo "2897"]
[BlackElo "2749"]
[WhiteTeam "FID"]
[BlackTeam "RUS"]
[WhiteClock "0:00:05"]
[BlackClock "0:00:02"]

1. e4 e6 2. d4 d5 3. e5 c5 4. c3 Nc6 5. Nf3 Nh6 6. a3 Nf5 7. dxc5 Bxc5 8. b4 Bb6 9. Bd3 Nh4 10. Nxh4 Qxh4 11. Qe2 Bd7 12. Nd2 h6 13. Nf3 Qe7 14. a4 a6 15. Ba3 Qd8 16. O-O Rc8 17. b5 axb5 18. axb5 Na5 19. Bb4 Nc4 20. Nd4 Bc5 21. Bxc5 Rxc5 22. f4 g6 23. Rf3 Nb6 24. f5 gxf5 25. Bxf5 Qc7 26. Bc2 Rxc3 27. Raf1 Rxf3 28. Qxf3 Rf8 29. Qf4 Kd8 30. Qxh6 Qc5 31. Qf4 Bxb5 32. Rb1 Bd7 33. h4 Kc7 34. h5 Rh8 35. h6 Rxh6 36. Qxh6 Qxd4+ 37. Kh1 Qxe5 38. Qd2 Nc4 39. Qb4 b6 40. Bd3 Qd4 41. Bxc4 Qh4+ 42. Kg1 Qd4+ 43. Kh1 dxc4 44. Rc1 Qh4+ 45. Kg1 Qd4+ 46. Kh1 b5 47. Qa5+ Qb6 48. Qd2 e5 49. Qe1 Qd4 50. Rd1 Qf4 51. Rd2 Bc6 52. Rf2 Qh4+ 53. Kg1 Qd4 54. Kh1 f6 55. Rxf6 Qe4 56. Rf7+ Kd6 57. Qd2+ Ke6 58. Rf2 Qh4+ 59. Kg1 Qd4 60. Qh6+ Kd5 61. Qf6 c3 62. Qf7+ Kc5 63. Qe7+ Kc4 64. Qf7+ Bd5 65. Qc7+ Qc5 66. Qh7 e4 67. Qg7 b4 68. Qf6 b3 69. Qa6+ Qb5 70. Qc8+ Qc6 71. Qb8 b2 72. Rxb2 cxb2 73. Qxb2 Qc5+ 74. Kh2 Qc7+ 75. Kg1 Qc5+ 76. Kh2 Qd4 77. Qc2+ Qc3 78. Qa4+ Kd3 79. Qd1+ Qd2 80. Qb1+ Qc2 81. Qf1+ Kd4 82. Qf6+ Kc4 83. Qa6+ Kd4 84. Qb6+ Qc5 85. Qb2+ Kd3 86. Qb1+ Qc2 87. Qf1+ Ke3 88. Qg1+ Qf2 89. Qc1+ Qd2 90. Qg1+ Kd3 91. Qf1+ Kc2 92. Qf5 Qh6+ 93. Kg1 Qd2 94. Kh2 Kc1 95. Qf1+ Kb2 96. Qf6+ Kb1 97. Qb6+ Ka2 98. Qa7+ Kb3 99. Qb6+ Qb4 100. Qe3+ Ka4 101. Qa7+ Kb5 102. Qb8+ Kc5 103. Qf8+ Kc4 104. Qf1+ Kb3 105. Qb1+ Ka4 106. Qd1+ Qb3 107. Qd4+ Bc4 108. Qa7+ Kb4 109. Qe7+ Ka4 110. Qa7+ Kb4 111. Qe7+ Kc3 112. Qxe4 Qb8+ 113. Kg1 Qb6+ 114. Kh2 Qh6+ 115. Kg1 Qc1+ 116. Kh2 Qh6+ 117. Kg3 Qg5+ 118. Qg4 Qe5+ 119. Qf4 Qg7+ 120. Kh2 Qh7+ 121. Kg1 Bd5 122. Qe5+ Kc4 123. Qf4+ Kc5 124. Qe3+ Kc6 125. Qc3+ Kd6 126. Qa3+ Kc6 127. Qa6+ Kc5 128. Qa5+ Kd4 129. Qd2+ Kc5 130. Qc3+ Kd6 131. Qf6+ Kc5 132. Qf8+ Kc4 133. Qf4+ Kb5 134. Qf1+ Kb6 135. Qf2+ Kb7 136. Qb2+ Kc8 137. Qc3+ Kd7 138. Qd2 Qb1+ 139. Kf2 Qe4 140. Kg1 Qb1+ 141. Kf2 Qe4 142. Kg1 Kd6 143. Qh6+ Kc5 144. Qc1+ Kb5 145. Qb2+ Kc6 146. Qc3+ Kd7 147. Qg7+ Kc8 148. Qf8+ Kb7 149. Qf2 Qb1+ 150. Kh2 Qh7+ 151. Kg1 Qh5 152. Qb2+ Kc6 153. Qc3+ Kd7 154. Qd2 Qe5 155. Qf2 Bc4 156. Qa7+ Kc6 157. Qa8+ Kc5 158. Qa5+ Bb5 159. Qa3+ Kb6 160. Qc1 Qd4+ 161. Kh2 Qh4+ 162. Kg1 1/2-1/2

[Event "January 2 Early 2024"]
[Site "https://www.chess.com"]
[Date "2024.01.02"]
[Round "9"]
[White "Kukhmazov, Arsen"]
[Black "Goltsev, Dmitry"]
[Result "0-1"]
[Board "29"]
[TimeControl "180+1"]
[WhiteFideId "24108260"]
[BlackFideId "24176710"]
[WhiteElo "2875"]
[BlackElo "2750"]
[WhiteTeam "FID"]
[BlackTeam "RUS"]
[WhiteClock "0:01:45"]
[BlackClock "0:01:22"]

1. d4 e6 2. c4 b6 3. a3 Bb7 4. Nc3 Nf6 5. Nf3 d5 6. Bg5 Be7 7. Bxf6 Bxf6 8. cxd5 exd5 9. g3 O-O 10. Bg2 Re8 11. O-O Nd7 12. Rc1 a6 13. e3 Nf8 14. b4 Ng6 15. Qb3 Qd7 16. Rc2 Rac8 17. Rfc1 c5 18. bxc5 bxc5 19. dxc5 Rxc5 20. Na4 Rxc2 21. Rxc2 Bc6 22. Nc5 Qa7 23. Qd3 Bb5 24. Qxd5 Rd8 25. Ne6 Rxd5 26. Rc8+ Bd8 0-1

[Event "January 2 Early 2024"]
[Site "https://www.chess.com"]
[Date "2024.01.02"]
[Round "9"]
[White "Lewtak, Damian"]
[Black "Maksimovic, Bojan"]
[Result "1/2-1/2"]
[Board "30"]
[TimeControl "180+1"]
[WhiteFideId "1141724"]
[BlackFideId "14408120"]
[WhiteElo "2737"]
[BlackElo "2866"]
[WhiteTeam "POL"]
[BlackTeam "BIH"]
[WhiteClock "0:00:28"]
[BlackClock "0:00:47"]

1. e4 a6 2. d4 e6 3. c4 d5 4. Nc3 dxe4 5. Nxe4 Bb4+ 6. Nc3 c5 7. Be3 Nf6 8. dxc5 Qa5 9. Qc2 O-O 10. Bd3 Bxc5 11. Bxc5 Qxc5 12. Nge2 Nc6 13. a3 Nd4 14. Nxd4 Qxd4 15. O-O e5 16. Rad1 Qh4 17. Ne4 h6 18. g3 Qh3 19. Nxf6+ gxf6 20. Be4 Be6 21. Bxb7 Rad8 22. Bg2 Qh5 23. c5 Bg4 24. Rxd8 Rxd8 25. c6 Kg7 26. c7 Rf8 27. Bb7 Bc8 28. Bxc8 Rxc8 29. Rc1 Qf3 30. Qc6 Qb3 31. Qxa6 Qxb2 32. Qxc8 Qxc1+ 33. Kg2 Qc6+ 34. Kh3 h5 35. Qd8 Qe6+ 36. Kg2 Qc6+ 37. f3 Qc2+ 38. Kf1 Qc1+ 39. Ke2 Qc2+ 40. Ke3 Qc3+ 41. Kf2 Qc2+ 42. Kf1 Qc1+ 43. Kg2 Qc2+ 44. Kf1 1/2-1/2

[Event "January 2 Early 2024"]
[Site "https://www.chess.com"]
[Date "2024.01.02"]
[Round "9"]
[White "Moskalenko, Alexander"]
[Black "Dyachuk, Artem"]
[Result "1-0"]
[Board "31"]
[TimeControl "180+1"]
[WhiteFideId "4155351"]
[BlackFideId "34107924"]
[WhiteElo "2834"]
[BlackElo "2720"]
[WhiteTeam "RUS"]
[BlackTeam "UKR"]
[WhiteClock "0:01:42"]
[BlackClock "0:00:03"]

1. e4 e5 2. Nf3 Nc6 3. Bc4 Nf6 4. d3 h6 5. O-O d6 6. a4 g5 7. c3 g4 8. Nfd2 h5 9. b4 Ne7 10. f4 exf4 11. Rxf4 Ng6 12. Rf1 Qe7 13. Nb3 Bd7 14. Bg5 Bg7 15. Nd4 Qe5 16. Nf5 O-O-O 17. d4 Qxe4 18. Nxg7 Bc6 19. Qe2 g3 20. h3 Qxe2 21. Bxe2 Ne4 22. Bxd8 Rxd8 23. b5 Bd7 24. Bd3 Ng5 25. Nxh5 Nh4 26. Nxg3 Rg8 27. Kh2 f5 28. Rf4 1-0

[Event "January 2 Early 2024"]
[Site "https://www.chess.com"]
[Date "2024.01.02"]
[Round "9"]
[White "Ilamparthi A R"]
[Black "Zavgorodniy, Sergiy"]
[Result "1-0"]
[Board "32"]
[TimeControl "180+1"]
[WhiteFideId "45015775"]
[BlackFideId "14110148"]
[WhiteElo "2832"]
[BlackElo "2640"]
[WhiteTeam "IND"]
[BlackTeam "UKR"]
[WhiteClock "0:00:14"]
[BlackClock "0:00:02"]

1. d4 Nf6 2. Nf3 e6 3. Bf4 b6 4. e3 Bb7 5. Bd3 g6 6. O-O Bg7 7. Nbd2 O-O 8. a4 a6 9. a5 b5 10. c4 bxc4 11. Nxc4 d6 12. h3 Nbd7 13. Rc1 Qe7 14. Bh2 Rab8 15. Re1 Ne4 16. Bxe4 Bxe4 17. Ncd2 Nf6 18. Nxe4 Nxe4 19. Qd3 f5 20. Qxa6 Rxb2 21. Re2 Rxe2 22. Qxe2 Ra8 23. Qb5 Qd8 24. a6 Qb8 25. Qb7 Qa7 26. Qb3 Re8 27. Qb5 Ra8 28. Qd7 Qxa6 29. Be5 Bxe5 30. Nxe5 Qe2 31. Qxe6+ Kh8 32. Nf7+ Kg7 33. Qe7 Qxf2+ 34. Kh1 Ng3+ 35. Kh2 Nf1+ 36. Rxf1 Qxf1 37. Ng5+ Kh6 38. h4 Kh5 39. Ne4 Qe2 40. Qg5# 1-0

[Event "January 2 Early 2024"]
[Site "https://www.chess.com"]
[Date "2024.01.02"]
[Round "9"]
[White "Bologan, Victor"]
[Black "Coca Cubillos, Jesus Alberto"]
[Result "1/2-1/2"]
[Board "33"]
[TimeControl "180+1"]
[WhiteFideId "13900048"]
[BlackFideId "4462912"]
[WhiteElo "2822"]
[BlackElo "2602"]
[WhiteTeam "MDA"]
[BlackTeam "COL"]
[WhiteClock "0:00:58"]
[BlackClock "0:01:17"]

1. e4 g6 2. d4 Bg7 3. c4 d6 4. Nc3 Nh6 5. Be2 O-O 6. Nf3 Kh8 7. h4 Bg4 8. h5 Bxh5 9. Ng5 Bxe2 10. Qxe2 Nc6 11. Be3 e5 12. dxe5 dxe5 13. Rd1 Nd4 14. Qd3 c6 15. f4 f6 16. fxe5 fxe5 17. Bxd4 Qxd4 18. Qe2 Qb6 19. Rd7 Rad8 20. Rxg7 Kxg7 21. Ne6+ Kg8 22. Nxf8 Rxf8 23. Kd1 Qd4+ 24. Kc1 Kg7 25. Rd1 Qb6 26. Qd2 Rf2 27. Qd7+ Nf7 28. Rd2 Qe3 29. Kc2 Rxd2+ 30. Qxd2 Qxd2+ 31. Kxd2 Kf6 32. c5 h5 33. b4 h4 34. Ke3 g5 35. a4 g4 36. b5 h3 37. gxh3 gxh3 38. Kf2 Ng5 39. Kg3 Ke6 40. a5 cxb5 41. Nxb5 a6 42. c6 bxc6 43. Nc7+ Kd6 44. Nxa6 Nxe4+ 45. Kxh3 c5 46. Kg2 Kc6 47. Nb8+ Kc7 48. Kf3 Kxb8 49. Kxe4 Kb7 50. Kxe5 Ka6 51. Kd5 Kxa5 52. Kxc5 1/2-1/2

[Event "January 2 Early 2024"]
[Site "https://www.chess.com"]
[Date "2024.01.02"]
[Round "9"]
[White "Bartel, Mateusz"]
[Black "Tiarks, Jann-Christian"]
[Result "1-0"]
[Board "34"]
[TimeControl "180+1"]
[WhiteFideId "1112635"]
[BlackFideId "12951595"]
[WhiteElo "2813"]
[BlackElo "2481"]
[WhiteTeam "POL"]
[BlackTeam "GER"]
[WhiteClock "0:00:23"]
[BlackClock "0:00:32"]

1. e4 e6 2. d3 d5 3. Nd2 c5 4. Ngf3 Nc6 5. g3 Nf6 6. Bg2 b5 7. O-O Bb7 8. exd5 Nxd5 9. Ne4 Be7 10. c4 bxc4 11. dxc4 Nf6 12. Nc3 O-O 13. Be3 Qc7 14. Nb5 Qb6 15. Qe2 a6 16. Nc3 Rfd8 17. Na4 Qa7 18. Rfd1 Nd4 19. Bxd4 cxd4 20. Ne5 Rac8 21. b3 h6 22. Nb2 Bxg2 23. Kxg2 Qb7+ 24. Qf3 Qxf3+ 25. Kxf3 Nd7 26. Nxd7 Rxd7 27. Nd3 f6 28. g4 e5 29. h4 Bd6 30. h5 f5 31. gxf5 Rf8 32. Ke4 Rdf7 33. Rg1 Rxf5 34. Rg6 Bb8 35. Rag1 R5f7 36. Rxa6 Kh7 37. Rag6 Bc7 38. a4 Rb8 39. b4 Bd8 40. a5 Bf6 41. a6 Rc7 42. Rc1 Rb6 43. b5 Kg8 44. Rgg1 Kf7 45. Ra1 Rb8 46. a7 Ra8 47. b6 Rb7 48. c5 Ke6 49. Rgc1 Bd8 50. Rab1 Kd7 1-0

[Event "January 2 Early 2024"]
[Site "https://www.chess.com"]
[Date "2024.01.02"]
[Round "9"]
[White "Gajwa Ankit"]
[Black "Molina, Roberto Junio Brito"]
[Result "0-1"]
[Board "35"]
[TimeControl "180+1"]
[WhiteFideId "5077834"]
[BlackFideId "2109450"]
[WhiteElo "2394"]
[BlackElo "2806"]
[WhiteTeam "IND"]
[BlackTeam "BRA"]
[WhiteClock "0:00:03"]
[BlackClock "0:00:21"]

1. e4 c6 2. d4 d5 3. e5 Bf5 4. Nf3 e6 5. Be2 Nd7 6. O-O Bg6 7. Nbd2 Nh6 8. Re1 Nf5 9. Nf1 Be7 10. c3 O-O 11. h3 c5 12. Ne3 Rc8 13. c4 Nxe3 14. Bxe3 dxc4 15. dxc5 Nxc5 16. Bxc4 Qb6 17. Qe2 Rfd8 18. Rac1 a5 19. Nd4 a4 20. Nb5 Qa5 21. Red1 b6 22. Nd6 Rb8 23. Bd2 Qa8 24. Be3 Ne4 25. Bf4 Nc5 26. b4 axb3 27. axb3 Rd7 28. Bb5 Ra7 29. Rd2 Nxb3 30. Bc6 Nxc1 31. Qb5 Ra5 32. Bxa8 Rxb5 33. Nxb5 Rxa8 34. Rd7 Ne2+ 35. Kh2 Nxf4 36. Rxe7 Nd3 37. Nc7 Rc8 38. Ne8 Nxe5 39. Nd6 Rb8 40. Nb5 h5 41. f4 Nd3 42. g3 h4 43. gxh4 Nxf4 44. Kg3 Nh5+ 45. Kf3 Nf6 46. Kf4 Nd5+ 47. Kg5 Nxe7 0-1

[Event "January 2 Early 2024"]
[Site "https://www.chess.com"]
[Date "2024.01.02"]
[Round "9"]
[White "Travadon, Loic"]
[Black "Gabrielian, Artur"]
[Result "1-0"]
[Board "36"]
[TimeControl "180+1"]
[WhiteFideId "26092131"]
[BlackFideId "4131002"]
[WhiteElo "2309"]
[BlackElo "2805"]
[WhiteTeam "FRA"]
[BlackTeam "RUS"]
[WhiteClock "0:00:15"]
[BlackClock "0:00:00"]

1. e4 e5 2. Nc3 Nf6 3. f4 d5 4. fxe5 Nxe4 5. Nf3 Nc6 6. Qe2 Nxc3 7. dxc3 Be7 8. Bf4 Be6 9. O-O-O O-O 10. h4 a5 11. Ng5 Qd7 12. Qh5 h6 13. Nxe6 Qxe6 14. Kb1 Rad8 15. Bd3 d4 16. Bf5 g6 17. Bxe6 gxh5 18. Bb3 dxc3 19. Rdf1 Kg7 20. bxc3 b5 21. a4 Rb8 22. Bd5 bxa4+ 23. Ka2 Nd8 24. Rh3 Ne6 25. Rg3+ Kh7 26. Be4+ Kh8 27. Bxh6 Rg8 28. Rxf7 Rxg3 29. Rxe7 Nc5 30. Bf3 Rg6 31. Bg5 c6 32. Bxh5 Rxg5 33. hxg5 Ne4 34. Re8+ Rxe8 35. Bxe8 Nxc3+ 36. Ka3 Kg7 37. Bxc6 Kg6 38. Bxa4 Kxg5 39. e6 Kf6 40. Bd7 Nd5 41. Ka4 Ne3 42. c3 Nc4 43. Bb5 Nd2 44. Bd7 Ne4 45. c4 Nd2 46. c5 Nc4 47. c6 1-0

[Event "January 2 Early 2024"]
[Site "https://www.chess.com"]
[Date "2024.01.02"]
[Round "9"]
[White "Koshulyan, Egor A."]
[Black "Popov, Konstantin"]
[Result "0-1"]
[Board "37"]
[TimeControl "180+1"]
[WhiteFideId "24237000"]
[BlackFideId "34137910"]
[WhiteElo "2668"]
[BlackElo "2910"]
[WhiteTeam "RUS"]
[BlackTeam "FID"]
[WhiteClock "0:00:03"]
[BlackClock "0:00:12"]

1. e4 c5 2. Nf3 d6 3. d4 cxd4 4. Qxd4 Nc6 5. Bb5 Bd7 6. Bxc6 Bxc6 7. Nc3 Nf6 8. Bg5 e6 9. O-O-O Be7 10. Qd3 Qa5 11. Kb1 h6 12. Bc1 Qa6 13. Qe3 b5 14. Rhe1 O-O 15. Qd4 e5 16. Qd3 Qb7 17. Nh4 b4 18. Nd5 Nxd5 19. exd5 Bb5 20. Qg3 Bxh4 21. Qxh4 Rac8 22. Qg3 Kh7 23. f4 f6 24. h4 Qc7 25. Rd2 a5 26. h5 Qf7 27. Qh4 Rc4 28. g3 Rfc8 29. Qg4 Bd7 30. Qf3 Kg8 31. fxe5 fxe5 32. Qe3 Bf5 33. Ree2 Qxh5 34. Rh2 Qg6 35. Qb3 Be4 36. Rhe2 Kh7 37. Rf2 R4c5 38. Rfe2 Bf5 39. Rf2 Bd7 40. Rfe2 Rc4 41. Qe3 a4 42. Rf2 Bf5 43. b3 Bxc2+ 44. Ka1 Bxb3 45. Bb2 Bc2 46. g4 a3 47. Bc1 Be4 48. Rd1 Rc2 49. Rxc2 Rxc2 50. g5 h5 51. Qd2 Rxd2 0-1

[Event "January 2 Early 2024"]
[Site "https://www.chess.com"]
[Date "2024.01.02"]
[Round "9"]
[White "Bjerre, Jonas Buhl"]
[Black "Piesik, Piotr"]
[Result "0-1"]
[Board "38"]
[TimeControl "180+1"]
[WhiteFideId "1444948"]
[BlackFideId "1136194"]
[WhiteElo "2871"]
[BlackElo "2667"]
[WhiteTeam "DEN"]
[BlackTeam "CZE"]
[WhiteClock "0:00:15"]
[BlackClock "0:00:12"]

1. Nf3 g6 2. e4 Bg7 3. d4 c6 4. Nc3 d6 5. Be3 Nd7 6. Qd2 e5 7. O-O-O Qe7 8. h3 Ngf6 9. g4 h5 10. g5 Nh7 11. h4 Nhf8 12. d5 c5 13. Bh3 a6 14. Kb1 b5 15. Ne2 Nb6 16. Bxc8 Nc4 17. Qc1 Rxc8 18. Ne1 Nxe3 19. Qxe3 f6 20. Nf3 Nd7 21. Rhg1 Qf7 22. gxf6 Bxf6 23. Ng5 Bxg5 24. Rxg5 Kd8 25. Rdg1 Rg8 26. Qa3 Qxf2 27. R5g2 Qxh4 28. Qxa6 Ke7 29. Nc3 Ra8 30. Qxb5 g5 31. Qe2 g4 32. Nd1 Qg5 33. Ne3 Rg6 34. Nxg4 hxg4 35. Rxg4 Qh5 36. b3 Nf6 37. Qb5 Rxg4 38. Qb7+ Nd7 39. Rxg4 Qxg4 40. Qxa8 Qxe4 41. a4 c4 42. a5 cxb3 43. Qc6 Qxc2+ 44. Qxc2 bxc2+ 45. Kxc2 Nc5 0-1

[Event "January 2 Early 2024"]
[Site "https://www.chess.com"]
[Date "2024.01.02"]
[Round "9"]
[White "Yeletsky, Ivan"]
[Black "Iskusnyh, Sergei"]
[Result "1-0"]
[Board "39"]
[TimeControl "180+1"]
[WhiteFideId "24180327"]
[BlackFideId "4120027"]
[WhiteElo "2845"]
[BlackElo "2664"]
[WhiteTeam "RUS"]
[BlackTeam "RUS"]
[WhiteClock "0:00:05"]
[BlackClock "0:00:00"]

1. Nf3 d5 2. g3 Nf6 3. Bg2 c6 4. c4 Bf5 5. Qb3 Qb6 6. d3 dxc4 7. Qxc4 e6 8. O-O Be7 9. Nbd2 O-O 10. Qc2 c5 11. Nc4 Qa6 12. Nfe5 Nfd7 13. Qb3 Nb6 14. Bd2 f6 15. Nxb6 axb6 16. g4 fxe5 17. gxf5 Kh8 18. Qxe6 Bf6 19. Qc4 Nc6 20. Qxa6 Rxa6 21. e3 Rd8 22. Be4 c4 23. Rfd1 cxd3 24. Bc3 b5 25. Bxd3 Rxd3 26. Rxd3 b4 27. Bd2 e4 28. Rd7 Rb6 29. Rb1 Rb5 30. Kf1 h5 31. b3 Ne5 32. Rc7 Nd3 33. Ke2 Rxf5 34. f4 Ra5 35. a4 1-0